 Dungeon Crawl Stone Soup version 0.32-a0-841-g4648e6c457 (webtiles) character file.

Game seed: 1975842685024288639

150077 shadizar the Eclecticist (level 18, -20/131 HPs)
             Began as a Djinni Conjurer on Mar 26, 2024.
             Was the Champion of Makhleb.
             Killed from afar by Bai Suzhen (34 damage)
             ... with a torrent of water
             ... on level 4 of the Spider Nest.
             The game lasted 00:51:10 (27695 turns).

shadizar the Eclecticist (Djinni Conjurer)         Turns: 27695, Time: 00:51:11

Health: -20/131    AC: 18    Str:  2    XL:     18   Next: 15%
Gold:   3024       EV:  8    Int: 39    God:    Makhleb [******] SH: 25 Dex: 12

rFire   + + +        f - staff of earth
rCold   + . .        W - +4 tower shield {rC+}
rNeg    . . .        A - +0 steam dragon scales
rPois   ∞            J - +0 helmet
rElec   .            T - +0 cloak {rC+}
rCorr   .            x - +0 pair of gloves
SInv    .            (boots unavailable)
Will    +....        X - amulet of Bohyemus {Reflect rF++ Str-4 Int+5 SH+5}
Stlth   +++          u - +6 ring of intelligence
HPRegen 0.41/turn    d - ring of the Tortoise {AC+8}
MPRegen 0.00/turn

%: reflection, infuse magic (-21 HP)
@: flying, invisible
A: sickness immunity, fire resistance 2, cold vulnerability 1, float, innate
caster, HP casting, extra vitality 1
a: Renounce Religion, Minor Destruction, Lesser Servant of Makhleb, Major
Destruction, Greater Servant of Makhleb


You were on level 4 of the Spider Nest.
You worshipped Makhleb.
Makhleb was exalted by your worship.
You visited 5 branches of the dungeon, and saw 25 of its levels.
You also visited: Ice Cave.

You collected 3024 gold pieces.

Inventory:

Hand Weapons
 q - the +4 dagger "Iryces" {freeze, rElec rF++ rN+ MP-9}
   (You found it on level 3 of the Spider Nest)

   rF++:      It greatly protects you from fire.
   rElec:     It insulates you from electricity.
   rN+:       It protects you from negative energy.
   MP-9:      It affects your magic capacity (-9).
Armour
 k - the +0 ring mail of Time Monsters {rElec rC+}
   (You acquired it on level 8 of the Dungeon)

   rC+:       It protects you from cold.
   rElec:     It insulates you from electricity.
 x - a +0 pair of gloves (worn)
 A - +0 steam dragon scales (worn)
 J - a +0 helmet (worn)
 L - a +0 kite shield
 Q - a scarf of resistance
 T - a +0 cloak of cold resistance (worn)
 W - a +4 tower shield of cold resistance (worn)
 Y - the +1 hat "Cocw" {rF+}
   (You found it on level 3 of the Lair of Beasts)

   rF+:       It protects you from fire.
Magical Staves
 f - a staff of earth (weapon)
Jewellery
 d - the ring of the Tortoise (right hand) {AC+8}
   (You acquired it on level 2 of the Spider Nest)

   [ring of protection]

   AC+8:      It affects your AC (+8).
 m - the amulet of the Sparrow {rF++ RegenMP+ Str-3 Dex+5}
   (You found it on level 3 of the Dungeon)

   [amulet of magic regeneration]

   It increases your rate of magic regeneration.
   Str-3:     It affects your strength (-3).
   Dex+5:     It affects your dexterity (+5).
   rF++:      It greatly protects you from fire.
   RegenMP+:  It increases your rate of magic regeneration.
 u - a +6 ring of intelligence (left hand)
 v - a +5 ring of evasion
 y - a +5 ring of evasion
 C - an amulet of reflection
 D - a +6 ring of dexterity
 E - the amulet of the Impish Apple {Spirit rPois rC++}
   (You found it on level 13 of the Dungeon)

   [amulet of guardian spirit]

   Spirit:    It causes incoming damage to be divided between your reserves of
   health and magic.
   rC++:      It greatly protects you from cold.
   rPois:     It protects you from poison.
 R - a ring of protection from cold
 X - the amulet of Bohyemus (around neck) {Reflect rF++ Str-4 Int+5 SH+5}
   (You found it on level 13 of the Dungeon)

   [amulet of reflection]

   Reflect:   It reflects blocked missile attacks.
   Str-4:     It affects your strength (-4).
   Int+5:     It affects your intelligence (+5).
   rF++:      It greatly protects you from fire.
   SH+5:      It affects your SH (+5).
Wands
 a - a wand of polymorph (12)
 o - a wand of warping (32)
 p - a wand of paralysis (26)
 r - a wand of mindburst (7)
 F - a wand of digging (5)
 P - a wand of flame (39)
Scrolls
 c - a scroll of torment
 i - 13 scrolls of teleportation
 l - a scroll of identify
 n - 9 scrolls of poison
 s - 4 scrolls of fog
 t - 8 scrolls of enchant weapon
 w - 4 scrolls of revelation
 H - a scroll of immolation
 I - 2 scrolls of blinking
Potions
 b - a potion of attraction
 e - 7 potions of curing
 g - a potion of resistance
 h - a potion of lignification
 j - 4 potions of enlightenment
 z - a potion of cancellation
 B - 3 potions of heal wounds
 G - 2 potions of invisibility
 N - a potion of brilliance
 O - a potion of ambrosia
 V - 3 potions of haste


   Skills:
 + Level 12.6 Fighting
 - Level 8.0 Armour
 - Level 11.2 Dodging
 - Level 6.4 Stealth
 - Level 12.3 Shields
 + Level 17.6 Spellcasting
 + Level 17.6 Conjurations
 + Level 17.6 Hexes
   Level 0.0 Charms
 + Level 17.6 Summonings
 + Level 17.6 Necromancy
 + Level 17.6 Translocations
   Level 0.0 Transmutations
 + Level 17.6 Fire Magic
 + Level 17.6 Ice Magic
 + Level 17.6 Air Magic
 + Level 17.6 Earth Magic
 + Level 17.6 Alchemy


You knew the following spells:

 Your Spells              Type           Power      Damage    Failure   Level
a - Magic Dart            Conj           100%       1d8       1%          1
b - Searing Ray           Conj           100%       2d8       1%          2
c - Fulminant Prism       Conj/Alch      53%        3d22      1%          4
d - Iskenderun's Mystic   Conj/Tloc      100%       2d19      1%          4
e - Sandblast             Erth           100%       2d20      1%          1
f - Lesser Beckoning      Tloc           100%       N/A       1%          2
g - Confusing Touch       Hex            100%       N/A       1%          3
h - Anguish               Hex/Necr       53%        N/A       1%          4
i - Passage of Golubria   Tloc           100%       N/A       1%          4
j - Metabolic Englaciati  Hex/Ice        53%        N/A       1%          5
k - Death Channel         Necr           53%        N/A       9%          6
l - Starburst             Conj/Fire      53%        6d14      9%          6
Your spell library was empty.

Dungeon Overview and Level Annotations

Branches:
Dungeon (13/15)            Temple (1/1) D:5            Lair (5/5) D:11
  Swamp (0/4) Lair:3       Spider (4/4) Lair:3          Orc (2/2) D:10
    Elf (0/3) Orc:2        Vaults (0/5) D:13          IceCv (visited)
  Slime: Lair:4-5

Altars:
Ashenzari
Cheibriados
Dithmenos
Elyvilon
Fedhas
Gozag
Hepliaklqana
Makhleb
Nemelex Xobeh
Okawaru
Qazlal
Ru
Trog
Uskayaw
Wu Jian
Xom
Yredelemnul
Zin
The Shining One
Beogh
Jiyva

Shops:
D:11 (   Orc:1 ?   Orc:2 [((*

Annotations:
D:8 2 transporters, Nebesus's ghost, novice FoFi
D:12 2 transporters
Lair:4 exclusion: oklob plant
Spider:1 2 transporters
Spider:4 Bai Suzhen


Innate Abilities, Weirdness & Mutations

You are immune to sickness and miasma.
You are immune to poison.
Your flesh is very heat resistant. (rF++)
You are vulnerable to cold. (rC-)
You float through the air rather than walking.
You learn spells naturally, not from books.
Your magical power is your life essence.
You have superior vitality. (+4 MHP)


Message History

Bai Suzhen is knocked back by the mystic blast.
Unknown command.
Unknown command.
Unknown command.
Unknown command.
Unknown command.
Unknown command.
Casting: Iskenderun's Mystic Blast (mildly dangerous; 1% risk of failure)
Confirm with . or Enter, or press ? or * to list all spells.
You erupt in a blast of force!
The mystic blast hits Bai Suzhen!
Bai Suzhen is severely wounded.
Unknown command.
Unknown command.
Unknown command.
Unknown command.
Unknown command.
Unknown command.
Casting: Iskenderun's Mystic Blast (mildly dangerous; 1% risk of failure)
Confirm with . or Enter, or press ? or * to list all spells.
You erupt in a blast of force!
The mystic blast hits Bai Suzhen!
Bai Suzhen is almost dead.
Bai Suzhen is knocked back by the mystic blast.
You hear a faint skittering sound.
Unknown command.
Unknown command.
Unknown command.
Unknown command.
Unknown command.
Casting: Iskenderun's Mystic Blast (mildly dangerous; 1% risk of failure)
Confirm with . or Enter, or press ? or * to list all spells.
Casting: Starburst (dangerous; 9% risk of failure)
Press: ? - help, Dir - look around, f - activate The bolt of fire hits Bai Suzhen.
Bai Suzhen is almost dead.
The bolt of fire hits the jorogumo!!!
The jorogumo is heavily wounded.
* * * LOW HITPOINT WARNING * * *
Bai Suzhen breathes water at you. The torrent of water hits you!!
You die...

.#............#
...........^...#
##.........^....#
####.~...........^.#
##..~~H........§§§..#
##....~§..§~....§D§.^#
##.#.......§~..^.§§§..#
#.........§§......§§§.#
##......@.§D.....§^§§^#
##.....#.§......~~§§.#
#.#...^........~§§..#
##..................#
##.....^...).........# ^
##.........#..........# .#.#
#.....................#
.^#.##...^..^.#^...........#
.#^...#^..........^..........#


You could see Bai Suzhen (clouds, catching breath) and a jorogumo.

Vanquished Creatures
  Kirke (Lair:4)
  3 emperor scorpions
  3 ghost moths
  The ghost of sagrath the Cruncher, a journeyman DsGl of Okawaru (D:13)
  An orc warlord (Orc:2)
  A reaper (IceCv)
  A broodmother (Spider:2)
  A spark wasp (Spider:2)
  Azrael (Spider:3)
  An ettin (Orc:2)
  8 entropy weavers
  7 hydras
  3 centaur warriors
  A jorogumo (Spider:3)
  9 boulder beetles
  A ghost crab (Lair:3)
  10 two-headed ogres
  3 radroaches
  2 catoblepae (Lair:1)
  5 death yaks (Lair:5)
  2 tengu warriors
  8 demonic crawlers
  Urug (Lair:1)
  Amaemon (D:8)
  A skyshark (Lair:4)
  9 pharaoh ants
  A goliath frog (Lair:5)
  5 orb spiders
  A spectral hydra (Lair:3)
  An arcanist (D:13)
  5 steelbarb worms
  A sun moth (Spider:3)
  3 orc knights
  A necromancer (D:13)
  A harpy (D:10)
  2 obsidian bats
  Pikel (D:6)
  6 deep elf pyromancers
  10 wolf spiders
  2 orc sorcerers (Orc:2)
  An ugly thing (IceCv)
  A manticore (D:9)
  4 cyclopes
  6 meliai
  A meliai (shapeshifter) (D:13)
  14 elephants
  2 black mambas
  4 kobold blastminers (Orc:2)
  4 moths of wrath
  Jeremiah (D:6)
  4 torpor snails
  2 gargoyles
  5 kobold demonologists
  An orange demon (D:8)
  21 cane toads
  2 rime drakes
  2 anaconda simulacra (IceCv)
  An unseen horror (D:10)
  An efreet (D:9)
  13 komodo dragons
  Psyche (D:8)
  8 ice devils (IceCv)
  14 trolls
  A troll (shapeshifter) (D:13)
  4 polar bears
  Grinder (D:4)
  3 tyrant leeches (Lair:5)
  15 blink frogs
  22 tarantellas
  A spectral elephant (Lair:3)
  A centaur simulacrum (D:13)
  2 spectral black mambas (Lair:3)
  4 slime creatures
  21 jumping spiders
  Sigmund (D:6)
  41 yaks
  5 wyverns
  10 culicivoras
  A dire elephant simulacrum (IceCv)
  A shadow (D:10)
  4 hogs (Lair:4)
  3 fire elementals (Spider:3)
  3 wraiths
  5 basilisks
  A yak (shapeshifter) (D:10)
  7 wargs
  A steam dragon (D:6)
  13 vampire mosquitoes
  63 redbacks
  A spectral cane toad (Lair:3)
  An acid dragon (D:13)
  A hell hound (Spider:3)
  20 water moccasins
  A sky beast (D:7)
  30 orc warriors
  15 wolves
  9 ogres
  2 laughing skulls (D:13)
  A phantom (D:5)
  8 centaurs
  3 lemures (D:6)
  3 kobold brigands
  10 bullfrogs
  6 scorpions
  A cane toad simulacrum (IceCv)
  4 two-headed ogre simulacra (IceCv)
  3 gnoll sergeants
  5 wights
  A jelly (D:5)
  10 killer bees (D:9)
  An elephant simulacrum (IceCv)
  11 howler monkeys
  7 electric eels
  A bombardier beetle (D:5)
  3 hounds
  18 orc priests
  A gnoll bouda (D:8)
  6 iguanas
  Ijyb (D:3)
  33 orc wizards
  6 hell rats (Lair:2)
  3 spriggan simulacra (IceCv)
  A troll simulacrum (IceCv)
  2 polar bear simulacra (IceCv)
  A wolf simulacrum (IceCv)
  23 gnolls
  9 adders
  A shadow imp (D:7)
  A white imp (D:7)
  3 ufetubi (IceCv)
  A dart slug (D:1)
  4 ribbon worms
  106 orcs
  10 bats
  5 endoplasms
  8 giant cockroaches
  2 goblins (D:1)
  5 hobgoblins
  7 jackals
  10 kobolds
  4 quokkas
  7 ball pythons
  3 frilled lizards (D:1)
  4 rats
  A butterfly (D:7)
916 creatures vanquished.

Vanquished Creatures (others)
  A pharaoh ant (Spider:1)
  72 fulminant prisms
73 creatures vanquished.

Grand Total: 989 creatures vanquished

Notes
Turn   | Place    | Note
-------+----------+-------------------------------------------
     0 | D:1      | shadizar the Djinni Conjurer began the quest for the Orb.
     0 | D:1      | shadizar set off with the following spells memorised: Magic
                  | Dart, Searing Ray, Fulminant Prism, Iskenderun's Mystic
                  | Blast.
     0 | D:1      | Reached XP level 1. HP: 15/15 MP: 0/0
   111 | D:1      | Reached XP level 2. HP: 16/22 MP: 0/0
   229 | D:1      | Reached skill level 1 in Fighting
   390 | D:1      | Reached XP level 3. HP: 25/27 MP: 0/0
   390 | D:1      | Learned a level 1 spell: Sandblast
   963 | D:2      | Reached XP level 4. HP: 30/32 MP: 0/0
  1403 | D:2      | Found a hide-covered altar of Uskayaw.
  1542 | D:3      | Identified the amulet of the Sparrow {rF++ RegenMP+ Str-3
                  | Dex+5}
  1756 | D:3      | Found an opulent altar of Gozag.
  1799 | D:3      | Reached XP level 5. HP: 36/37 MP: 0/0
  1799 | D:3      | Learned a level 2 spell: Lesser Beckoning
  1838 | D:3      | Noticed Ijyb
  1846 | D:3      | Killed Ijyb
  1847 | D:3      | Reached skill level 5 in Spellcasting
  1847 | D:3      | Reached skill level 5 in Conjurations
  1847 | D:3      | Reached skill level 5 in Hexes
  1847 | D:3      | Reached skill level 5 in Summonings
  1847 | D:3      | Reached skill level 5 in Necromancy
  1847 | D:3      | Reached skill level 5 in Translocations
  1847 | D:3      | Reached skill level 5 in Fire Magic
  1847 | D:3      | Reached skill level 5 in Ice Magic
  1847 | D:3      | Reached skill level 5 in Air Magic
  1847 | D:3      | Reached skill level 5 in Earth Magic
  1847 | D:3      | Reached skill level 5 in Alchemy
  2584 | D:4      | Found a white marble altar of Elyvilon.
  2624 | D:4      | Noticed Grinder
  2638 | D:4      | Killed Grinder
  2639 | D:4      | Reached XP level 6. HP: 25/42 MP: 0/0
  2878 | D:4      | Reached XP level 7. HP: 39/47 MP: 0/0
  2878 | D:4      | Learned a level 3 spell: Confusing Touch
  3222 | D:4      | Found a shadowy altar of Dithmenos.
  3348 | D:5      | Entered Level 5 of the Dungeon
  3596 | D:5      | Found a staircase to the Ecumenical Temple.
  3615 | Temple   | Entered the Ecumenical Temple
  3676 | Temple   | Became a worshipper of Makhleb the Destroyer
  4030 | D:5      | Found a sacrificial altar of Ru.
  4033 | D:5      | Found an iron altar of Okawaru.
  4036 | D:5      | Found a stormy altar of Qazlal.
  4039 | D:5      | Found a sparkling altar of Nemelex Xobeh.
  4226 | D:5      | Reached XP level 8. HP: 47/52 MP: 0/0
  4705 | D:6      | Reached * piety under Makhleb
  4882 | D:6      | Noticed Jeremiah
  4932 | D:6      | Killed Jeremiah
  5006 | D:6      | Noticed Sigmund
  5011 | D:6      | Reached XP level 9. HP: 55/60 MP: 0/0
  5011 | D:6      | Learned a level 4 spell: Anguish
  5011 | D:6      | Killed Sigmund
  5147 | D:6      | Noticed Pikel
  5155 | D:6      | Killed Pikel
  5529 | D:7      | Reached skill level 5 in Dodging
  5570 | D:7      | Found a shimmering altar of Xom.
  6431 | D:8      | Noticed Amaemon
  6433 | D:8      | Noticed an orange demon
  6440 | D:8      | Killed an orange demon
  6441 | D:8      | Reached skill level 1 in Shields
  6441 | D:8      | Reached XP level 10. HP: 58/69 MP: 0/0
  6443 | D:8      | Killed Amaemon
  6444 | D:8      | Reached skill level 5 in Fighting
  6555 | D:8      | Noticed Psyche
  6564 | D:8      | Killed Psyche
  6565 | D:8      | Reached skill level 5 in Stealth
  6747 | D:8      | Noticed a centaur warrior
  6758 | D:8      | Noticed Nebesus's ghost (novice FoFi)
  6782 | D:8      | Found a transporter.
  6785 | D:8      | Found a transporter.
  6822 | D:8      | Reached ** piety under Makhleb
  7479 | D:8      | Identified a scroll of acquirement
  7479 | D:8      | Acquired the +0 ring mail of Time Monsters {rElec rC+}
  7514 | D:9      | Found a basalt altar of Yredelemnul.
  7818 | D:9      | Noticed a deep elf pyromancer
  7822 | D:9      | Killed a deep elf pyromancer
  7823 | D:9      | Reached XP level 11. HP: 58/76 MP: 0/0
  7823 | D:9      | Learned a level 4 spell: Passage of Golubria
  8095 | D:9      | Reached skill level 10 in Spellcasting
  8095 | D:9      | Reached skill level 10 in Conjurations
  8095 | D:9      | Reached skill level 10 in Hexes
  8095 | D:9      | Reached skill level 10 in Summonings
  8095 | D:9      | Reached skill level 10 in Necromancy
  8095 | D:9      | Reached skill level 10 in Translocations
  8095 | D:9      | Reached skill level 10 in Fire Magic
  8095 | D:9      | Reached skill level 10 in Ice Magic
  8095 | D:9      | Reached skill level 10 in Air Magic
  8095 | D:9      | Reached skill level 10 in Earth Magic
  8095 | D:9      | Reached skill level 10 in Alchemy
  8304 | D:9      | Noticed a manticore
  8304 | D:9      | Noticed a centaur warrior
  8305 | D:9      | Noticed a tengu warrior
  8307 | D:9      | Noticed a centaur warrior
  8320 | D:9      | Killed a centaur warrior
  8321 | D:9      | Killed a centaur warrior
  8331 | D:9      | Reached *** piety under Makhleb
  8336 | D:9      | Killed a manticore
  8337 | D:9      | Killed a tengu warrior
  8806 | D:9      | Identified the +0 plate armour of Initoew {rF- rC+ Slay+3
                  | Stlth+}
  8806 | D:9      | Identified the +3 great sword of Hatred {venom, Fly}
  8902 | D:10     | Entered Level 10 of the Dungeon
  8907 | D:10     | Reached skill level 5 in Shields
  8913 | D:10     | Reached skill level 1 in Armour
  8913 | D:10     | Reached XP level 12. HP: 64/85 MP: 0/0
  9489 | D:10     | Reached **** piety under Makhleb
  9573 | D:10     | Noticed a two-headed ogre
  9578 | D:10     | Killed a two-headed ogre
  9583 | D:10     | Noticed a two-headed ogre
  9586 | D:10     | Killed a two-headed ogre
  9587 | D:10     | Noticed a two-headed ogre
  9590 | D:10     | Killed a two-headed ogre
  9780 | D:10     | Found a glowing silver altar of Zin.
  9876 | D:10     | Found a staircase to the Orcish Mines.
  9977 | D:10     | Noticed a tengu warrior
  9994 | D:10     | Killed a tengu warrior
 10018 | D:10     | Reached skill level 5 in Armour
 10449 | D:10     | Reached XP level 13. HP: 82/90 MP: 0/0
 10449 | D:10     | Learned a level 5 spell: Metabolic Englaciation
 11137 | D:11     | Found a staircase to the Lair.
 11282 | D:11     | Found Xedduasy's Antique Weapon Shoppe.
 11697 | Lair:1   | Entered Level 1 of the Lair of Beasts
 11770 | Lair:1   | Reached ***** piety under Makhleb
 11904 | Lair:1   | Found a frozen archway.
 11931 | IceCv    | Entered an ice cave
 12713 | IceCv    | Noticed a reaper
 12730 | IceCv    | Killed a reaper
 13376 | Lair:1   | Noticed a catoblepas
 13383 | Lair:1   | Killed a catoblepas
 13399 | Lair:1   | Noticed a catoblepas
 13632 | Lair:1   | Killed a catoblepas
 14022 | Lair:1   | Noticed Urug
 14037 | Lair:1   | Killed Urug
 14511 | Lair:2   | Noticed an eight-headed hydra
 14522 | Lair:2   | Killed an eight-headed hydra
 14523 | Lair:2   | Reached XP level 14. HP: 87/98 MP: 0/0
 15963 | Lair:3   | Found a hole to the Spider Nest.
 16678 | Lair:3   | Identified the +1 hat "Cocw" {rF+}
 17242 | Lair:3   | Found a staircase to the Swamp.
 17533 | Lair:4   | Noticed Kirke
 17544 | Lair:4   | Killed Kirke
 17552 | Lair:4   | Reached ****** piety under Makhleb
 17851 | Lair:4   | Reached XP level 15. HP: 58/105 MP: 0/0
 17851 | Lair:4   | Learned a level 6 spell: Death Channel
 18219 | Lair:4   | Found a viscous altar of Jiyva.
 18595 | Lair:5   | Entered Level 5 of the Lair of Beasts
 18724 | Lair:5   | Reached skill level 15 in Spellcasting
 18724 | Lair:5   | Reached skill level 15 in Conjurations
 18724 | Lair:5   | Reached skill level 15 in Hexes
 18724 | Lair:5   | Reached skill level 15 in Summonings
 18724 | Lair:5   | Reached skill level 15 in Necromancy
 18724 | Lair:5   | Reached skill level 15 in Translocations
 18724 | Lair:5   | Reached skill level 15 in Fire Magic
 18724 | Lair:5   | Reached skill level 15 in Ice Magic
 18724 | Lair:5   | Reached skill level 15 in Air Magic
 18724 | Lair:5   | Reached skill level 15 in Earth Magic
 18724 | Lair:5   | Reached skill level 15 in Alchemy
 19317 | Lair:5   | Reached skill level 10 in Shields
 19552 | Lair:5   | Found the +11 plutonium sword {^Contam Stlth-}
 20121 | Orc:1    | Entered Level 1 of the Orcish Mines
 20516 | Orc:1    | Found Vink's Magic Scroll Shoppe.
 20582 | Orc:2    | Entered Level 2 of the Orcish Mines
 20618 | Orc:2    | Found a roughly hewn altar of Beogh.
 20762 | Orc:2    | Found an iron altar of Okawaru.
 21042 | Orc:2    | Noticed an orc warlord
 21056 | Orc:2    | Killed an orc warlord
 21067 | Orc:2    | Found Dutauc's Antique Armour Boutique.
 21069 | Orc:2    | Found Cohethe's Antique Weapon Shop.
 21070 | Orc:2    | Found a roughly hewn altar of Beogh.
 21130 | Orc:2    | Found a roughly hewn altar of Beogh.
 21146 | Orc:2    | Found Vempya's Antique Weapon Shop.
 21260 | Orc:2    | Found a roughly hewn altar of Beogh.
 21269 | Orc:2    | Found Hyesor's General Store.
 21398 | Orc:2    | Found a staircase to the Elven Halls.
 21578 | Orc:2    | Found a roughly hewn altar of Beogh.
 21707 | Orc:1    | Reached XP level 16. HP: 112/112 MP: 0/0
 22086 | D:12     | Found a viscous altar of Jiyva.
 22449 | D:12     | Found a transporter.
 22456 | D:12     | Found a transporter.
 23261 | D:13     | Identified the amulet of the Impish Apple {Spirit rPois
                  | rC++}
 23274 | D:13     | Identified the +1 hand axe of Gluttony {heavy, Dex+7 SInv
                  | Stlth-}
 23412 | D:13     | Found a transporter.
 23412 | D:13     | Found a transporter.
 23417 | D:13     | Found a bloodstained altar of Trog.
 23420 | D:13     | Noticed sagrath's ghost (journeyman DsGl)
 23422 | D:13     | Reached skill level 10 in Dodging
 23449 | D:13     | Killed sagrath's ghost
 23464 | D:13     | Identified the amulet of Bohyemus {Reflect rF++ Str-4 Int+5
                  | SH+5}
 23811 | D:13     | Found a gate to the Vaults.
 23957 | Spider:1 | Entered Level 1 of the Spider Nest
 24074 | Spider:1 | Noticed an emperor scorpion
 24076 | Spider:1 | Found a transporter.
 24088 | Spider:1 | Killed an emperor scorpion
 24419 | Spider:1 | Reached XP level 17. HP: 112/117 MP: 0/0
 24419 | Spider:1 | Learned a level 6 spell: Starburst
 24756 | Spider:1 | Found a transporter.
 25085 | Spider:2 | Reached skill level 10 in Fighting
 25672 | Spider:2 | Acquired the ring of the Tortoise {AC+8}
 25672 | Spider:2 | Found the ring of the Tortoise {AC+8}
 26113 | Spider:3 | Noticed Azrael
 26257 | Spider:3 | Killed Azrael
 26510 | Spider:3 | Identified the +4 dagger "Iryces" {freeze, rElec rF++ rN+
                  | MP-9}
 27043 | Spider:4 | Entered Level 4 of the Spider Nest
 27043 | Spider:4 | Noticed Bai Suzhen
 27080 | Spider:4 | Reached XP level 18. HP: 130/130 MP: 0/0
 27260 | Spider:4 | HP: 3/130 [Bai Suzhen/torrent of water (15)]
 27695 | Spider:4 | Killed from afar by Bai Suzhen

Illustrated notes

Levels and vault maps discovered:
D:1:      spicycebolla_arrival_xxxplode, layout_rooms
D:2:      layout_basic, basic_altar
D:3:      layout_basic, nicolae_gozag_seed_capital,
          chequers_serial_rivers_small_a, uniq_ijyb
D:4:      layout_loops_ring, nicolae_elyvilon_temple_path, lemuel_crystal_altar,
          uniq_grinder
D:5:      layout_gridville, grunt_temple_overflow_cloverleaf, tgw_sif,
          minmay_temple_entry_ruins
D:6:      layout_basic, minmay_misc_feat_cross, uniq_pikel, uniq_sigmund,
          uniq_jeremiah
D:7:      layout_basic, xom_butterflies, kennysheep_generic_room_7
D:8:      layout_loops_cross, gammafunk_ghost_arena, uniq_psyche, uniq_amaemon
D:9:      minmay_the_grid_triangle_9x9_recursive_2_mashed
          [minmay_the_grid_triangle_9x9_prize_top_heavy,
          minmay_the_grid_triangle_9x9_sparse_checkered,
          minmay_the_grid_triangle_9x9_empty,
          minmay_the_grid_triangle_9x9_shrine], layout_grid_maze,
          yredelemnul_altar_generic, minivault_20
D:10:     nzn_winding_woodlands_large [nzn_winding_woodlands_5x5_three,
          nzn_winding_woodlands_5x15_crooked, nzn_winding_woodlands_5x5_default,
          nzn_winding_woodlands_center_garden,
          nzn_winding_woodlands_15x15_eel_pit,
          nzn_winding_woodlands_center_lodge, nzn_winding_woodlands_hourglass,
          nzn_winding_woodlands_5x15_sawtooth,
          nzn_winding_woodlands_5x5_checkerboard], layout_stronghold,
          mainiacjoe_overflow_big_doors, hiddenorc1_lemuel, chequers_big_river
D:11:     layout_loops_ring, lair_entry_dummy, serial_shops,
          nicolae_shop_real_fake_doors
D:12:     gammafunk_jiyva_shrine, layout_loops_ring
D:13:     layout_cave_pools, david_vaults_1, gammafunk_ghost_wrathful_warriors,
          minmay_pinched_square
Temple:   zaba_magenta_temple
Lair:1:   layout_loops_ring, portal_ice_cave_entry_pillars_1,
          grunt_megastairs_1, lemuel_fruit_fields, uniq_urug
Lair:2:   layout_gridlike, chequers_serial_rivers_micro_c, serial_bayou_shore_b,
          lemuel_fruit_fields, grunt_megastairs_3, serial_bayou_shore_a,
          lemuel_fruit_fields, lemuel_fruit_fields, lemuel_fruit_fields,
          lemuel_fruit_fields
Lair:3:   layout_chaotic_city, nicolae_swamp_entry_spooky,
          nicolae_spider_entry_non_spiders
Lair:4:   layout_hall_layers, minmay_slime_entry_oklob_enclosed, uniq_kirke
Lair:5:   minmay_lair_end_frog_pond, layout_regular_city
Spider:1: gammafunk_boulding_lane
Spider:2: layout_spider_delve
Spider:3: nicolae_spider_hall_of_the_moth_king, guppyfry_spider_mini_2,
          uniq_azrael
Spider:4: spider_rune_water, uniq_bai_suzhen
Orc:1:    layout_caves, serial_shops, shop, guppyfry_library_mini
Orc:2:    grunt_orc_community_town_hall, layout_caves,
          grunt_orc_community_big_house_2, grunt_orc_community_big_house_2,
          grunt_orc_community_house_2, grunt_orc_community_house_1,
          grunt_orc_community_house_2, grunt_orc_community_house_1,
          okawaru_metal_pillars_1_2

Skill      XL: |  1  2  3  4  5  6  7  8  9 10 11 12 13 14 15 16 17 |
---------------+----------------------------------------------------+-----
Fighting       | 1 3 4 5 7 8 9 12 | 12.6
Spellcasting   | 4 6 7 8 9 10 12 13 14 15 16 17 | 17.6
Conjurations   | 4 6 7 8 9 10 12 13 14 15 16 17 | 17.6
Hexes          | 4 6 7 8 9 10 12 13 14 15 16 17 | 17.6
Summonings     | 4 6 7 8 9 10 12 13 14 15 16 17 | 17.6
Necromancy     | 4 6 7 8 9 10 12 13 14 15 16 17 | 17.6
Translocations | 4 6 7 8 9 10 12 13 14 15 16 17 | 17.6
Fire Magic     | 4 6 7 8 9 10 12 13 14 15 16 17 | 17.6
Ice Magic      | 4 6 7 8 9 10 12 13 14 15 16 17 | 17.6
Air Magic      | 4 6 7 8 9 10 12 13 14 15 16 17 | 17.6
Earth Magic    | 4 6 7 8 9 10 12 13 14 15 16 17 | 17.6
Alchemy        | 4 6 7 8 9 10 12 13 14 15 16 17 | 17.6
Stealth        | 3 4 5 6 |  6.4
Dodging        | 4 5 6 8 9 11 | 11.2
Shields        | 1 3 5 7 8 10 12 | 12.3
Armour         | 1 5 6 8 |  8.0

Action                     |  1- 3 |  4- 6 |  7- 9 | 10-12 | 13-15 | 16-18 || total
---------------------------+-------+-------+-------+-------+-------+-------++-------
  Melee: Unarmed           |       |       |     1 |     3 |       |       ||     4
         Staff             |       |       |       |       |     7 |     6 ||    13
   Cast: Magic Dart        |    65 |    84 |   173 |    55 |   402 |     1 ||   780
         Searing Ray       |       |     3 |       |     1 |     8 |       ||    12
         Fulminant Prism   |       |     1 |     7 |    11 |    52 |     1 ||    72
         Iskenderun's Myst |       |       |    53 |   156 |   455 |   371 ||  1035
         Sandblast         |       |       |       |     1 |       |       ||     1
         Metabolic Englaci |       |       |       |       |    11 |     2 ||    13
         Starburst         |       |       |       |       |       |    36 ||    36
    Use: Scroll            |       |       |       |    20 |    10 |     6 ||    36
         Potion            |       |       |       |       |     2 |     1 ||     3
 Armour: Robe              |     4 |     7 |     6 |       |       |       ||    17
         Steam dragon scal |       |       |     7 |    33 |   112 |    69 ||   221
         Ring mail         |       |       |       |       |    20 |       ||    20
  Dodge: Dodged            |     1 |     8 |    21 |    44 |    84 |    32 ||   190
  Block: Buckler           |       |       |     1 |    16 |     3 |       ||    20
         Kite shield       |       |       |       |       |    61 |       ||    61
         Tower shield      |       |       |       |       |    43 |   165 ||   208
         Reflection        |       |       |       |       |       |     3 ||     3

Table legend: (Time is in decaauts)
 A = Elapsed time spent in this place.
 B = Non-inter-level travel time spent in this place.
 C = Inter-level travel time spent in this place.
 D = Time resting spent in this place.
 E = Time spent auto-exploring this place.
 F = Levels seen in this place.
 G = Mean time per level.
                   A        B        C        D        E       F      G
               +--------+--------+--------+--------+--------+-----+--------+
         Total |  27733 |  26798 |    935 |      0 |  21773 |  26 | 1066.7 |
       Dungeon |  13835 |  13256 |    579 |      0 |  11282 |  13 | 1064.2 |
        Temple |     74 |     74 |      0 |      0 |     45 |   1 |   74.0 |
          Lair |   7084 |   6795 |    289 |      0 |   5494 |   5 | 1416.8 |
   Spider Nest |   3754 |   3699 |     55 |      0 |   2822 |   4 |  938.5 |
  Orcish Mines |   1817 |   1807 |     10 |      0 |   1298 |   2 |  908.5 |
      Ice Cave |   1166 |   1166 |      0 |      0 |    832 |   1 | 1166.0 |
               +--------+--------+--------+--------+--------+-----+--------+

Top non-repeatable levels by time:
    D:10: 1974 daAuts
  Lair:3: 1729 daAuts
  Lair:5: 1423 daAuts
     D:9: 1394 daAuts
  Lair:1: 1385 daAuts
Spider:3: 1324 daAuts
  Lair:4: 1317 daAuts
  Lair:2: 1228 daAuts
    D:13: 1227 daAuts
   Orc:2: 1222 daAuts
     D:8: 1190 daAuts
   IceCv: 1166 daAuts
    D:11: 1118 daAuts
     D:5: 1058 daAuts
Spider:1: 1055 daAuts
